AoeStats
← facundomurga1

Arabia

511038805Analyzed
1v1 RM · 8h ago on Oct 3, 2026· 22m 39s· 2 players
Game mode
Random Map
Map size
Tiny (2 player)
Population
200
Speed
Normal
Resources
Standard
Victory
Conquest
Starting age
Dark Age
Ending age
Imperial Age
RankedLock teamsTeams togetherTeam positionsShared explorationLock speedFull tech treeHidden civsTurbo modeCheats
Victory
Defeat
🇦🇷 Ethiopians · Argentina
1262
+15
🇨🇳 Persians · China
1241
-15
284352547
5:59 Loom
8:40 Feudal Age
9:03 Double-Bit Axe
12:18 Horse Collar
13:46 Wheelbarrow
15:20 Forging
15:16 Scale Barding Armor
20:30 Fletching
20:57 Padded Archer Armor
facundomurga1
5:51 Loom
8:55 Feudal Age
10:06 Double-Bit Axe
13:42 Fletching
21:33 Castle Age
20:16 Padded Archer Armor
21:36 Crossbowman
22:13 Bodkin Arrow
Connection lost

Rejoining the realm…

Still unreachable

The connection could not be restored.

Session expired

The server has moved on; the page needs a fresh start.